Map: Катализатор РВ

Players

ELESTRAGO - Winner!

  • Race: Terran Terran
  • League: Master
  • Spawn Location: 11:00

MindelVK

  • Race: Protoss Protoss
  • League: Master
  • Spawn Location: 5:00

VOD

Have the link to the VOD?

Description

Time

  • Played on: April 30, 2018, 7:42 a.m.
  • Length: 10:24
Show
View Real Time Build Order
Export as new Build Order

ELESTRAGO Terran - Winner!

Build Orders: Reaper Expand, MMM Bio 

Get SALT Encoding   

  12  0:00  SCV  
  13  0:13  SCV  
  14  0:18  Supply Depot  
  14  0:25  SCV  
  15  0:40  SCV  
  15  0:41  Barracks  
  16  0:44  Refinery  
  16  0:52  SCV  
  17  1:04  SCV  
  18  1:16  SCV  
  19  1:28  Reaper, Orbital Command  
  20  1:43  Command Center  
  20  1:52  Supply Depot  
  20  1:55  SCV  
  20  2:01  Barracks Reactor  
  21  2:07  SCV  
  22  2:12  Barracks  
  22  2:19  SCV  
  23  2:24  Barracks  
  23  2:31  SCV  
  24  2:37  Marine x2  
  26  2:44  SCV  
  27  2:55  Marine x2  
  27  2:56  SCV  
  27  2:57  Engineering Bay  
  30  2:59  Orbital Command  
  30  3:01  Barracks Tech Lab  
  30  3:10  SCV  
  31  3:15  Marine x2  
  31  3:16  Marine  
  31  3:19  Marine  
  35  3:20  Stimpack  
  35  3:22  SCV  
  35  3:24  SCV  
  35  3:26  Terran Infantry Weapons Level 1  
  37  3:36  Marine x2, Barracks Tech Lab  
  37  3:37  Marine  
  37  3:38  Supply Depot  
  37  3:39  SCV  
  42  3:41  SCV  
  42  3:52  SCV  
  42  3:53  SCV  
  42  3:54  Marine x2  
  46  3:57  Combat Shields  
  46  3:59  Marine  
  46  4:00  Marine  
  47  4:05  Supply Depot  
  47  4:08  SCV x2  
  47  4:09  Supply Depot  
  49  4:11  Marine  
  49  4:12  Marine  
  51  4:17  Marauder  
  51  4:20  SCV  
  54  4:25  Supply Depot  
  54  4:26  SCV  
  57  4:33  SCV  
  57  4:36  Marine x2, Marauder  
  60  4:38  SCV  
  60  4:39  Marauder  
  63  4:45  SCV  
  63  4:48  Command Center  
  63  4:50  SCV  
  65  4:55  Refinery  
  65  4:56  Refinery  
  65  4:57  Refinery  
  65  4:58  Marine x2, SCV  
  68  5:03  SCV  
  69  5:10  SCV  
  70  5:15  SCV  
  70  5:16  Factory  
  70  5:18  Marine x4  
  75  5:22  SCV  
  75  5:26  Terran Infantry Armor Level 1, Supply Depot  
  75  5:27  SCV  
  77  5:34  SCV  
  78  5:36  Concussive Shells  
  78  5:45  SCV  
  78  5:48  Marine x2, SCV, Marauder x2  
  85  5:52  Supply Depot  
  85  5:53  Supply Depot  
  85  5:57  SCV  
  85  6:00  SCV  
  85  6:02  Starport  
  85  6:03  Factory Reactor  
  79  6:05  Orbital Command  
  79  6:08  Barracks  
  79  6:09  Barracks, SCV  
  78  6:12  SCV  
  78  6:14  Marauder x2  
  80  6:21  SCV  
  80  6:25  Marine x2  
  75  6:26  SCV  
  73  6:33  SCV  
  73  6:34  Engineering Bay  
  73  6:35  Armory  
  73  6:36  Marauder x2  
  73  6:39  SCV  
  79  6:45  SCV  
  79  6:47  Marine x2, Supply Depot, Orbital Command  
  80  6:48  Medivac, Supply Depot  
  80  6:50  Medivac  
  80  6:51  SCV  
  87  6:55  Missile Turret  
  87  6:57  Barracks Tech Lab  
  87  6:59  Barracks Reactor  
  87  7:00  Factory Reactor  
  87  7:01  SCV  
  87  7:04  SCV  
  89  7:10  Marine, Marauder x2  
  89  7:11  Marine  
  89  7:13  SCV  
  96  7:20  SCV  
  96  7:21  SCV  
  98  7:27  Medivac x2  
  102  7:33  Marine x2, Marauder x3, Missile Turret  
  102  7:34  Missile Turret  
  110  7:38  Refinery x2  
  110  7:43  SCV x3  
  113  7:44  Starport  
  113  7:48  Factory Reactor  
  113  7:52  Terran Infantry Armor Level 2, Terran Infantry Weapons Level 2  
  113  7:55  Marine x3, Marauder  
  113  7:57  SCV  
  113  7:58  Marine  
  119  7:59  Marauder  
  102  8:21  Marine x3, Marauder x2  
  102  8:22  Marine, Marauder  
  102  8:24  Viking x4  
  116  8:39  Marine x4  
  116  8:41  Command Center  
  120  8:42  Supply Depot  
  120  8:43  Marauder x2  
  120  8:46  Supply Depot  
  120  8:47  Widow Mine x2  
  128  8:54  Viking x2  
  132  8:58  Marine  
  133  9:03  Marine x2, Viking x2  
  133  9:04  Supply Depot, Marauder  
  133  9:07  Marine  
  133  9:08  Supply Depot, Marauder x2  
  146  9:12  Supply Depot  
  146  9:16  Marine  
  146  9:20  Liberator x2  
  146  9:21  Marine, Widow Mine  
  149  9:26  Marauder, Widow Mine  
  149  9:28  Barracks  
  149  9:29  Marauder x2  
  149  9:30  Barracks x2  
  157  9:33  Marine x3  
  172  9:52  Supply Depot  
  174  9:53  Supply Depot, Marauder  
Show
View Real Time Build Order
Export as new Build Order

MindelVK Protoss 

Build Orders: 1 Gate Expand, Blink Stalkers, Colossus Rush 

Get SALT Encoding   

  12  0:01  Probe  
  13  0:13  Probe  
  14  0:17  Pylon  
  14  0:25  Probe  
  15  0:34  Probe  
  15  0:38  Gateway  
  15  0:42  Probe  
  16  0:48  Assimilator  
  17  0:51  Probe  
  18  1:03  Probe  
  19  1:23  Nexus  
  19  1:34  Cybernetics Core  
  19  1:38  Probe  
  20  1:46  Assimilator  
  20  1:49  Probe  
  21  1:55  Pylon  
  21  1:57  Probe  
  21  2:03  Stalker  
  21  2:04  Warp Gate  
  21  2:05  Probe  
  25  2:16  Probe  
  26  2:29  Probe  
  27  2:31  Probe  
  27  2:33  Stalker  
  30  2:39  Probe  
  30  2:41  Probe  
  32  2:48  Pylon  
  32  2:49  Probe  
  32  2:53  Probe  
  34  3:01  Probe  
  34  3:03  Stalker  
  37  3:06  Probe  
  38  3:13  Probe  
  38  3:19  Gateway  
  39  3:22  Gateway  
  39  3:23  Probe  
  39  3:25  Probe  
  41  3:30  Shield Battery  
  41  3:34  Probe  
  41  3:36  Twilight Council  
  41  3:37  Probe  
  43  3:43  Probe  
  43  3:47  Pylon  
  44  3:49  Probe  
  44  3:52  Robotics Facility  
  44  3:54  Probe  
  44  3:55  Blink  
  45  3:58  Assimilator  
  45  4:01  Probe, Assimilator  
  47  4:06  Probe  
  48  4:12  Stalker  
  48  4:13  Probe  
  51  4:18  Probe, Stalker  
  54  4:26  Stalker  
  54  4:28  Probe  
  54  4:30  Probe  
  58  4:33  Pylon  
  58  4:37  Observer  
  58  4:40  Probe  
  60  4:46  Nexus  
  60  4:50  Pylon  
  60  4:52  Observer  
  60  4:59  Robotics Bay  
  61  5:01  Stalker  
  63  5:07  Probe x2  
  63  5:09  Stalker  
  63  5:12  Sentry  
  63  5:13  Observer  
  70  5:17  Forge  
  70  5:20  Forge  
  70  5:25  Pylon  
  70  5:30  Probe x2  
  72  5:40  Stalker x2  
  76  5:43  Probe x2  
  78  5:55  Pylon  
  78  5:56  Charge  
  78  5:57  Colossus  
  78  5:58  Pylon  
  74  6:04  Zealot  
  74  6:05  Zealot x2  
  60  6:23  Protoss Ground Weapons Level 1  
  55  6:31  Probe x2  
  56  6:33  Protoss Ground Armor Level 1  
  56  6:34  Pylon  
  56  6:37  Colossus  
  56  6:43  Probe x2  
  64  6:54  Nexus  
  64  6:55  Sentry  
  64  6:56  Pylon  
  66  7:05  Sentry x2, Gateway  
  66  7:06  Gateway  
  70  7:10  Probe x2  
  72  7:22  Probe x2  
  74  7:23  Zealot  
  74  7:24  Colossus  
  74  7:29  Zealot x2  
  80  7:34  Probe x2  
  88  7:46  Probe, Zealot  
  91  7:55  Stalker x2  
  90  8:05  Protoss Ground Weapons Level 2  
  82  8:31  Stalker x3  
  82  8:32  Probe x3, Stalker, Extended Thermal Lance  
  93  8:34  Assimilator  
  93  8:35  Assimilator  
  93  8:37  Immortal  
  97  8:44  Probe x3  
  100  8:56  Probe x2  
  100  8:57  Probe  
  100  8:58  Gateway  
  100  8:59  Gateway  
  100  9:01  Gateway  
  100  9:02  Pylon  
  103  9:08  Probe  
  103  9:09  Probe x2  
  106  9:16  Stalker x3  
  112  9:19  Zealot  
  112  9:23  Templar Archives  
  114  9:29  Zealot  
  116  9:34  Immortal  
  120  9:47  Zealot x2  
  124  9:52  Pylon  
  124  9:54  Pylon  
  124  9:55  Pylon  
  124  9:57  Pylon  
  122  10:14  Zealot x5  
  96  10:15  Zealot x2  
Tags
 
Add a new tag
Caveats
  • Supply blocks, unpowered buildings, or Contaminate may cause inaccurate times.
  • Supply counts are checked every 10 seconds.